AoeStats
← Tsimentopoulos

Oasis

509744985Analyzed
3v3 RM · 6d ago on Sep 27, 2026· 42m 31s· 6 players
Game mode
Random Map
Map size
Normal (6 player)
Population
200
Speed
Normal
Resources
Standard
Victory
Conquest
Starting age
Dark Age
Ending age
Imperial Age
RankedLock teamsTeams togetherTeam positionsShared explorationLock speedFull tech treeHidden civsTurbo modeCheats
Victory
Defeat
🇬🇷 Britons · Greece
1108
+16
🇬🇷 Sicilians · Greece
1097
+16
🇬🇷 Khmer · Greece
1038
+19
🇷🇺 Japanese · Russia
1159
-19
🇷🇺 Mongols · Russia
1125
-18
🇷🇺 Lithuanians · Russia
1036
-14
Tsimentopoulos
9:49 Loom
11:45 Feudal Age
20:10 Double-Bit Axe
23:31 Castle Age
23:40 Scale Mail Armor
23:54 Horse Collar
26:17 Arson
33:48 Masonry
35:49 Bow Saw
37:18 Heavy Plow
39:16 Wheelbarrow
38:42 Stone Mining
42:10 Imperial Age
42:36 Ballistics
42:29 Heavy Mounted Crossbowman
42:30 Cranequins
dripped fly lo
12:04 Feudal Age
16:42 Castle Age
15:22 Double-Bit Axe
18:50 Bow Saw
19:36 Horse Collar
20:56 Heavy Plow
23:14 Scale Barding Armor
23:22 Forging
25:21 Iron Casting
25:57 Chain Barding Armor
27:06 Wheelbarrow
28:31 Hand Cart
31:37 Imperial Age
29:13 Gold Mining
29:14 Stone Mining
31:04 Loom
33:57 Plate Barding Armor
34:23 Blast Furnace
35:04 Gold Shaft Mining
35:08 Stone Shaft Mining
36:10 Elite Battle Elephant
36:57 Tusk Swords
37:53 Husbandry
38:05 Bloodlines
39:48 Double Crossbow
39:12 Elite Ballista Elephant
Fly Lo
7:43 Loom
10:06 Feudal Age
12:05 Double-Bit Axe
16:28 Fletching
18:00 Horse Collar
19:16 Padded Archer Armor
25:03 Castle Age
25:46 Crossbowman
26:49 Bodkin Arrow
26:27 Pikeman
27:10 Squires
29:27 Leather Archer Armor
30:21 Ballistics
32:27 Wheelbarrow
35:46 Stone Mining
35:47 Gold Mining
36:15 Hand Cart
43:25 Imperial Age
Garion
8:03 Loom
10:37 Feudal Age
11:13 Double-Bit Axe
17:14 Bloodlines
17:19 Forging
20:32 Fletching
26:13 Castle Age
31:28 Husbandry
33:36 Scale Barding Armor
38:50 Wheelbarrow
39:04 Horse Collar
39:14 Town Watch
42:25 Imperial Age
40:45 Hand Cart
Don Quixote
0:46 Loom
10:51 Feudal Age
13:55 Horse Collar
14:14 Double-Bit Axe
21:06 Castle Age
21:07 Scale Barding Armor
21:16 Forging
23:00 Bow Saw
24:31 Fletching
33:12 Light Cavalry
33:54 Husbandry
36:54 Heavy Plow
36:49 Gold Mining
36:49 Stone Mining
37:21 Bloodlines
37:44 Bodkin Arrow
38:25 Hill Forts
42:03 Imperial Age
42:11 Cavalier
pip
5:37 Loom
10:57 Feudal Age
11:26 Horse Collar
11:35 Double-Bit Axe
21:08 Castle Age
22:03 Bloodlines
22:10 Husbandry
23:05 Scale Barding Armor
23:12 Forging
37:03 Gold Mining
39:34 Chain Barding Armor
38:59 Elite Skirmisher
Connection lost

Rejoining the realm…

Still unreachable

The connection could not be restored.

Session expired

The server has moved on; the page needs a fresh start.